 Dungeon Crawl Stone Soup version 0.21.0-24-g2553a33 (webtiles) character file.

165 Monsterracer the Chopper (level 5, 24/47 HPs)
             Began as a Hill Orc Fighter on Jan 21, 2018.
             Was a Follower of Ashenzari.
             Quit the game on level 2 of the Dungeon.
             The game lasted 00:02:15 (2016 turns).

Monsterracer the Chopper (Hill Orc Fighter)         Turns: 2016, Time: 00:02:15

Health: 24/47      AC:  7    Str: 20    XL:     5   Next: 46%
Magic:  5/5        EV:  7    Int:  8    God:    Ashenzari [*.....]
Gold:   79         SH:  9    Dex: 10    Spells: 4/4 levels left

rFire    . . .     SeeInvis .   a - +0 war axe
rCold    . . .     Gourm    .   f - +0 shield
rNeg     . . .     Faith    .   m - +0 scale mail
rPois    .         Spirit   .   (no helmet)
rElec    .         Reflect  .   (no cloak)
rCorr    .         Harm     .   (no gloves)
MR       .....                  (no boots)
Stlth    ..........             (no amulet)
HPRegen  0.15/turn              (no ring)
MPRegen  0.09/turn              (no ring)

@: no status effects
A: no striking features
a: Curse Item, Scrying, Renounce Religion


You were on level 2 of the Dungeon.
You worshipped Ashenzari.
Ashenzari was aware of your devotion.
You were not hungry.

You visited 1 branch of the dungeon, and saw 2 of its levels.

You collected 79 gold pieces.

Inventory:

Hand Weapons
 a - a +0 war axe (weapon)
 b - a +0 flail
Armour
 f - a +0 shield (worn)
 m - a +0 scale mail (worn)
Scrolls
 e - a scroll of enchant weapon {unknown}
 h - a scroll of amnesia {unknown}
 i - a scroll of immolation {unknown}
 l - a scroll of remove curse
Potions
 d - a potion of might
 g - a potion of degeneration {unknown}
 j - a potion of mutation {unknown}
 k - 2 potions of agility {unknown}
Comestibles
 c - 6 rations


   Skills:
 + Level 4.5 Fighting
 * Level 5.0 Axes
 + Level 4.1 Armour
 + Level 4.1 Shields


You had 4 spell levels left.
You didn't know any spells.

Dungeon Overview and Level Annotations

Branches:
Dungeon (2/15)

Altars:
Ashenzari
Fedhas


Message History

A goblin is nearby!
You closely miss the goblin.
The goblin is heavily wounded.
You feel sick. The goblin hits you but does no damage.
You are more poisoned.
A goblin is nearby!
You closely miss the goblin.
The goblin is heavily wounded.
You feel sick. You block the goblin's attack.
The goblin hits you with a dagger of venom.
You take 5 damage, and have 33/40 hp.
A goblin is nearby!
Your shield and scale mail prevent you from hitting the goblin.
The goblin is heavily wounded.
You feel sick. You block the goblin's attack.
You take 1 damage, and have 32/40 hp.
You closely miss the goblin.
The goblin is heavily wounded.
You feel sick. You block the goblin's attack.
You take 1 damage, and have 31/40 hp.
You slash the goblin!
You kill the goblin!
You feel sick.
You take 1 damage, and have 30/40 hp.
You are too injured to fight recklessly!
You feel sick.
Things that are here:
an uncursed dagger of venom; a goblin corpse You take 1 damage, and have 29/40 hp.
You feel sick.
You take 1 damage, and have 28/40 hp.
You feel sick.
You feel sick.
You feel sick.
You feel sick.
You feel sick.
You feel sick.
You feel sick.
You feel sick.
You feel sick.
You are no longer poisoned.
A dart slug comes into view.
You take 1 damage, and have 27/40 hp.
A dart slug is nearby!
You are too injured to fight recklessly!
You are too injured to fight recklessly!
A dart slug is nearby!
You are too injured to fight recklessly!
A dart slug is nearby!
You are too injured to fight recklessly!
Things that are here:
an uncursed dagger of venom; a goblin corpse You see here a ration.
You slash the dart slug!
You kill the dart slug!
c - 6 rations (gained 1)
You are feeling hungry.
Health restored: 40 You butcher the goblin corpse.
n - a chunk of flesh You see here an uncursed dagger of venom. x2
Eating a chunk of flesh.
You eat the chunk of flesh.
This raw flesh tastes terrible.
Found an uncursed leather armour.
Found 28 stones.
You see here an uncursed leather armour.
A bullfrog comes into view.
The bullfrog croaks.
A bullfrog is nearby!
You miss the bullfrog. You block the bullfrog's attack.
The bullfrog barely misses you.
You hit the bullfrog.
The bullfrog is lightly wounded.
The bullfrog barely misses you. x2; You block the bullfrog's attack.
You hit the bullfrog.
The bullfrog is heavily wounded.
The bullfrog hits you. x2
You take 9 damage, and have 31/40 hp.
MASSIVE DAMAGE!!
You slash the bullfrog!
The bullfrog is almost dead.
The bullfrog hits you. You block the bullfrog's attack.
You take 2 damage, and have 29/40 hp.
You are too injured to fight recklessly!
You are too injured to fight recklessly!
You are too injured to fight recklessly!
You closely miss the bullfrog.
The bullfrog is almost dead.
The bullfrog hits you. x2
* * * LOW HITPOINT WARNING * * *
You take 9 damage, and have 20/40 hp.
MASSIVE DAMAGE!!
You slash the bullfrog!
You kill the bullfrog!
Your Axes skill increases to level 5!
Your Armour skill increases to level 4!
Your Shields skill increases to level 4!
You have reached level 5!
You feel stronger.
You regained 4 hp, and now have 24/47 hp.
MP restored: 5 Are you sure you want to abandon this character and quit the game? (Confirm with "yes".)

#≈≈≈≈≈.........### #..#.#
#≈≈≈≈≈........## #..#.#
#≈≈≈≈≈≈...##### #..#.# #≈≈≈≈...##
########....# ###≈≈.###
...........### [######
#.########.## ### #.# #.###.# #.#
..# #.# #..(# #.#### #.# #.# #@#
#..... #.## #.# #.# #.##.# ...#
##.## #[# #.####
#..####...######.###########.####
.......)#......>..............##.
#.#####...######.############.##.
#.# #..........# #.##.
#.#####...######## #....
.)............# ####.


There were no monsters in sight!

Vanquished Creatures
  A bullfrog (D:2)
  An adder (D:2)
  3 gnolls (D:2)
  An ooze (D:1)
  2 worms (D:2)
  2 dart slugs
  A leopard gecko (D:1)
  4 bats
  5 giant cockroaches
  6 goblins
  3 hobgoblins
  5 jackals
  4 kobolds
  A quokka (D:2)
  2 frilled lizards (D:1)
  2 rats (D:1)
43 creatures vanquished.

Notes
Turn   | Place    | Note
-------+----------+-------------------------------------------
     0 | D:1      | Monsterracer the Hill Orc Fighter began the quest for the Orb.
     0 | D:1      | Reached XP level 1. HP: 19/19 MP: 1/1
    44 | D:1      | Reached skill level 3 in Axes
    45 | D:1      | Reached XP level 2. HP: 25/27 MP: 2/2
   471 | D:1      | Reached XP level 3. HP: 26/33 MP: 3/3
   963 | D:2      | Found a blossoming altar of Fedhas.
  1054 | D:2      | Reached skill level 4 in Axes
  1055 | D:2      | HP: 12/33 [gnoll (7)]
  1057 | D:2      | Reached XP level 4. HP: 15/40 MP: 4/4
  1111 | D:2      | HP: 19/40 [adder (3)]
  1116 | D:2      | HP: 19/40 [adder (1)]
  1291 | D:2      | Found a faded altar of an unknown god.
  1320 | D:2      | Became a worshipper of Ashenzari the Shackled
  1320 | D:2      | Reached * piety under Ashenzari
  1537 | D:2      | HP: 19/40 [worm (7)]
  2008 | D:2      | Noticed a bullfrog
  2014 | D:2      | HP: 20/40 [bullfrog (5)]
  2015 | D:2      | Killed a bullfrog
  2015 | D:2      | Reached skill level 5 in Axes
  2015 | D:2      | Reached XP level 5. HP: 24/47 MP: 5/5
  2016 | D:2      | Quit the game

Skill      XL: |  1  2  3  4 |
---------------+-------------+-----
Axes           | 3 4 5 |  5.0
Fighting       | 4 |  4.5
Armour         | 4 |  4.1
Shields        | 4 |  4.1

Action                   |  1- 3 |  4- 6 || total
-------------------------+-------+-------++-------
Melee: War axe           |    65 |    65 ||   130
  Eat: Chunk             |       |     4 ||     4
Armor: Scale mail        |    30 |    28 ||    58
Dodge: Dodged            |    24 |    20 ||    44
Block: Shield            |    34 |    30 ||    64

Vault maps used:
D:1:      dpeg_arrival_round_c
D:2:      nicolae_overflow_crystal_walls, chequers_ecumenical_altar_island,
          nicolae_underground_beach
